Map: Croisement de Kairos EC

Players

JamesFord - Winner!

  • Race: Terran Terran
  • League: Gold
  • Spawn Location: 11:00

IA (très facile)

  • Race: Protoss Protoss
  • Spawn Location: 5:00

VOD

Have the link to the VOD?

Description

Time

  • Played on: April 26, 2019, 9:15 a.m.
  • Length: 12:39
Show
View Real Time Build Order
Export as new Build Order

JamesFord Terran - Winner!

Build Orders:  

Get SALT Encoding   

  12  0:01  SCV  
  13  0:13  SCV  
  14  0:17  Supply Depot  
  14  0:25  SCV  
  15  0:31  Refinery  
  15  0:39  SCV  
  16  0:46  Barracks  
  16  0:51  SCV  
  17  1:03  SCV  
  18  1:15  SCV  
  19  1:27  SCV  
  20  1:33  Reaper  
  20  1:39  SCV  
  22  1:42  Command Center  
  22  1:51  Supply Depot  
  22  1:58  Orbital Command  
  22  2:07  Marine  
  23  2:12  Refinery  
  23  2:19  Bunker  
  23  2:24  SCV  
  23  2:26  Barracks Reactor  
  24  2:32  Factory  
  24  2:41  SCV  
  25  2:53  SCV  
  25  2:56  Supply Depot, Orbital Command  
  26  2:59  Supply Depot  
  26  3:04  Marine x2  
  28  3:11  SCV  
  29  3:21  Supply Depot  
  29  3:23  Supply Depot, SCV  
  29  3:24  SCV  
  31  3:32  Starport  
  31  3:37  SCV x2  
  33  3:41  Factory Tech Lab  
  33  3:49  Supply Depot  
  33  3:51  SCV x2  
  35  4:02  Marine  
  35  4:03  Marine, SCV x2  
  35  4:04  Siege Tank  
  42  4:15  SCV, Engineering Bay  
  42  4:16  SCV  
  44  4:20  Marine x2, Starport Tech Lab  
  46  4:27  Armory  
  46  4:28  SCV x2  
  48  4:34  Barracks  
  48  4:37  Siege Tank  
  51  4:42  Marine x2  
  51  4:44  Banshee  
  56  4:48  SCV x2  
  58  4:56  Refinery  
  58  4:57  Refinery  
  58  5:00  SCV x2  
  58  5:02  Terran Infantry Weapons Level 1  
  60  5:09  Cloaking Field  
  60  5:12  SCV x2  
  62  5:16  Marine x2  
  62  5:17  Siege Tank  
  67  5:26  SCV x2  
  69  5:36  Command Center  
  69  5:40  Engineering Bay  
  69  5:42  Banshee  
  72  5:44  Supply Depot, Barracks Tech Lab  
  72  5:45  Supply Depot  
  72  5:46  SCV  
  73  5:55  SCV  
  74  6:09  SCV x2, Engineering Bay  
  76  6:15  Supply Depot  
  76  6:19  Marine x2  
  76  6:21  SCV x2  
  76  6:22  Supply Depot  
  76  6:23  Marauder  
  76  6:25  Stimpack  
  82  6:33  SCV, Barracks  
  82  6:34  SCV  
  82  6:37  Terran Infantry Armor Level 1, Marine x2  
  86  6:44  Marine  
  90  6:53  Supply Depot x2  
  90  6:57  Orbital Command  
  90  6:59  Refinery, SCV x2  
  92  7:06  Marine x2  
  95  7:12  Marine  
  95  7:14  Siege Tank  
  95  7:16  Medivac  
  97  7:22  Rapid Reignition System  
  97  7:24  Marine x2  
  97  7:27  Supply Depot  
  97  7:28  Supply Depot  
  97  7:29  SCV x2  
  101  7:30  SCV  
  101  7:33  Marauder, Marine  
  105  7:42  Marine x2  
  105  7:44  Refinery  
  107  7:46  SCV, Siege Tank  
  107  7:47  SCV x2  
  107  7:50  Medivac, Marine  
  116  7:54  Marauder  
  118  7:59  Marine  
  118  8:00  Marine  
  118  8:05  SCV x3  
  123  8:08  Marine  
  124  8:13  Command Center  
  124  8:16  Marauder  
  124  8:17  Marine x2  
  124  8:18  Refinery, Siege Tank  
  132  8:35  Marine x2, Supply Depot  
  132  8:36  Terran Infantry Armor Level 2, Marine, Supply Depot, Terran Infantry Weapons Level 2  
  134  8:50  Siege Tank  
  134  8:53  Marine x2, Starport Reactor  
  134  8:55  Marauder  
  141  8:57  Marauder  
  141  9:01  Supply Depot  
  141  9:02  Supply Depot  
  143  9:11  Marine x2  
  143  9:16  Marauder  
  147  9:17  Marine  
  147  9:22  Siege Tank  
  151  9:29  Marine x2  
  81  9:31  Medivac x2  
  153  9:33  Planetary Fortress  
  153  9:36  Marauder  
  153  9:38  Marauder, Refinery  
  161  9:47  Marine x2  
  163  9:54  Widow Mine  
  163  9:57  Marauder  
  163  9:59  Marauder  
  169  10:04  Medivac x2  
  169  10:05  Marine x2  
  175  10:13  SCV  
  178  10:19  Marauder  
  178  10:20  Marine  
  181  10:22  Marine  
  181  10:23  Marine  
  181  10:26  Siege Tank  
  184  10:34  Medivac  
  186  10:38  Marauder  
  186  10:40  Marauder, Marine x2  
  192  10:58  Siege Tank  
  192  11:00  Marauder  
  192  11:01  Marauder, Command Center  
  192  11:02  Marine  
  193  12:06  Marauder, Marine x3  
Show
View Real Time Build Order
Export as new Build Order

IA (très facile) Protoss 

Build Orders: 1 Gate Expand, Nexus First 

Get SALT Encoding   

  12  0:00  Probe  
  13  0:13  Probe  
  14  0:20  Pylon  
  14  0:43  Gateway  
  14  1:00  Nexus  
  14  1:20  Pylon  
  14  1:21  Zealot  
  14  1:23  Assimilator  
  16  1:33  Probe  
  16  1:35  Cybernetics Core  
  17  1:41  Probe  
  18  1:52  Probe  
  19  2:01  Probe  
  19  2:03  Assimilator  
  19  2:06  Stalker  
  20  2:09  Probe  
  23  2:19  Probe  
  24  2:25  Warp Gate  
  24  2:26  Probe  
  25  2:33  Probe  
  26  2:51  Probe  
  26  2:53  Assimilator  
  26  2:55  Pylon  
  27  2:58  Probe  
  28  3:05  Probe  
  28  3:10  Robotics Facility, Probe  
  29  3:14  Zealot  
  30  3:20  Probe  
  30  3:23  Probe  
  34  3:34  Probe  
  35  3:42  Probe  
  36  3:49  Probe  
  37  3:56  Probe, Observer  
  39  4:03  Probe  
  40  4:10  Probe, Observer  
  40  4:14  Assimilator  
  42  4:18  Probe  
  43  4:25  Probe  
  44  4:32  Sentry, Probe  
  44  4:35  Pylon  
  47  4:39  Probe  
  48  4:46  Probe  
  49  4:53  Probe  
  50  10:21  Warp Prism  
  52  10:28  Gateway  
  52  10:32  Robotics Bay  
  52  10:34  Stargate  
  52  10:37  Pylon  
  52  10:45  Warp Prism  
  52  10:57  Zealot  
  48  11:05  Gravitic Boosters  
  48  11:15  Observer  
  48  11:21  Gateway  
  49  11:29  Zealot  
  49  11:43  Nexus  
  49  11:53  Probe  
  28  12:06  Probe  
Tags
 
Add a new tag
Caveats
  • Supply blocks, unpowered buildings, or Contaminate may cause inaccurate times.
  • Supply counts are checked every 10 seconds.